Map: Eternal Empire LE

Players

DnS - Winner!

  • Race: Protoss Protoss
  • League: Master
  • Spawn Location: 7:00

soul

  • Race: Terran Terran
  • League: Grandmaster
  • Spawn Location: 1:00

Event: StayAtHomestory Cup #1

VOD

Have the link to the VOD?

Description

Time

  • Played on: April 10, 2020, 2:55 p.m.
  • Length: 10:14

All games in this series

Show
View Real Time Build Order
Export as new Build Order

DnS Protoss - Winner!

Build Orders: 1 Gate Expand, Phoenix Opening, Colossus Rush 

Get SALT Encoding   

  12  0:00  Probe  
  13  0:12  Probe  
  14  0:17  Pylon  
  14  0:25  Probe (Chrono Boost)  
  15  0:37  Probe (Chrono Boost), Gateway  
  16  0:44  Probe (Chrono Boost)  
  16  0:46  Assimilator  
  17  0:51  Probe  
  18  1:03  Probe  
  19  1:15  Probe  
  20  1:23  Cybernetics Core  
  20  1:34  Nexus  
  20  1:38  Probe  
  21  1:45  Pylon  
  21  1:50  Probe  
  21  1:53  Assimilator  
  22  2:00  Adept (Chrono Boost)  
  22  2:03  Probe  
  25  2:15  Probe  
  25  2:21  Stargate  
  26  2:27  Stalker (Chrono Boost)  
  28  2:31  Probe  
  29  2:43  Probe  
  30  2:53  Probe (Chrono Boost), Stalker  
  34  3:01  Probe (Chrono Boost)  
  34  3:04  Probe (Chrono Boost)  
  34  3:05  Phoenix  
  37  3:09  Probe (Chrono Boost)  
  37  3:10  Probe (Chrono Boost)  
  39  3:18  Pylon  
  39  3:19  Probe (Chrono Boost)  
  41  3:23  Probe (Chrono Boost)  
  41  3:24  Probe (Chrono Boost)  
  42  3:31  Probe  
  42  3:32  Phoenix (Chrono Boost)  
  45  3:35  Probe  
  45  3:37  Assimilator  
  45  3:39  Assimilator  
  46  3:43  Probe  
  46  3:47  Probe  
  48  3:50  Pylon  
  48  3:55  Phoenix (Chrono Boost), Probe  
  50  3:59  Probe  
  52  4:02  Robotics Facility  
  52  4:08  Probe  
  53  4:11  Probe  
  53  4:14  Phoenix (Chrono Boost)  
  56  4:20  Probe, Gateway  
  56  4:23  Probe  
  58  4:25  Pylon  
  58  4:30  Phoenix (Chrono Boost)  
  58  4:32  Probe, Warp Gate (Chrono Boost)  
  58  4:35  Probe  
  58  4:37  Pylon  
  62  4:52  Observer  
  63  4:53  Robotics Bay  
  63  4:57  Phoenix  
  65  5:02  Nexus  
  65  5:05  Probe, Pylon  
  66  5:09  Sentry  
  68  5:18  Pylon  
  68  5:19  Probe x2, Observer  
  71  5:30  Pylon  
  71  5:31  Probe  
  72  5:36  Gateway  
  72  5:37  Twilight Council  
  72  5:39  Forge  
  72  5:40  Probe  
  73  5:42  Colossus (Chrono Boost)  
  73  5:47  Probe  
  80  5:52  Probe  
  80  5:54  Pylon  
  81  5:59  Probe  
  81  6:03  Protoss Ground Armor Level 1 (Chrono Boost)  
  82  6:04  Probe  
  82  6:07  Extended Thermal Lance  
  82  6:08  Pylon  
  82  6:10  Charge (Chrono Boost)  
  83  6:11  Probe  
  83  6:17  Probe  
  83  6:18  Observer  
  85  6:21  Colossus (Chrono Boost)  
  91  6:27  Probe  
  91  6:28  Probe  
  91  6:31  Photon Cannon  
  93  6:34  Probe, Shield Battery  
  93  6:39  Probe  
  95  6:41  Probe  
  95  6:43  Gateway  
  95  6:45  Gateway  
  96  6:48  Gateway  
  96  6:50  Gateway  
  96  6:52  Gateway  
  96  6:55  Probe x2  
  96  6:56  Observer  
  96  7:00  Zealot x2  
  102  7:02  Zealot  
  102  7:07  Colossus  
  110  7:10  Probe x2  
  110  7:13  Assimilator  
  110  7:14  Assimilator  
  112  7:23  Pylon, Zealot x2  
  112  7:24  Pylon  
  112  7:25  Zealot  
  112  7:28  Pylon  
  118  7:31  Templar Archives  
  118  7:36  Forge, Observer  
  118  7:38  Pylon  
  118  7:46  Zealot x4  
  118  7:48  Probe  
  118  7:50  Blink  
  127  7:59  Zealot x3  
  127  8:01  Zealot  
  127  8:04  Psionic Storm  
  135  8:06  Protoss Ground Weapons Level 1 (Chrono Boost), Warp Prism  
  137  8:17  High Templar x2  
  141  8:25  High Templar  
  143  8:28  Nexus  
  143  8:30  Pylon  
  143  8:33  High Templar  
  143  8:34  Pylon  
  145  8:37  Pylon  
  145  8:39  Probe x3  
  148  8:43  Zealot  
  148  8:44  Zealot x2  
  148  8:47  Zealot  
  154  9:01  Gateway  
  154  9:02  Gateway  
  154  9:03  Gateway  
  154  9:05  High Templar  
  154  9:06  Immortal  
  154  9:08  High Templar x2  
  164  9:12  Zealot  
  166  9:21  Unknown  
  166  9:25  Photon Cannon, Stalker x3  
  166  9:26  Pylon  
  172  9:34  Stalker x2  
  172  9:37  Pylon  
  172  9:38  Pylon  
  176  9:50  Stalker x3  
  182  9:54  Zealot x3  
  158  10:08  Archon  
Show
View Real Time Build Order
Export as new Build Order

soul Terran 

Build Orders: Gas First Reaper Expand 

Get SALT Encoding   

  12  0:01  SCV  
  13  0:14  SCV  
  14  0:19  Supply Depot  
  14  0:26  SCV  
  15  0:30  Refinery  
  15  0:41  SCV  
  16  0:46  Barracks  
  16  0:53  SCV  
  17  1:05  SCV  
  18  1:20  SCV  
  19  1:39  Reaper  
  20  1:40  Orbital Command  
  20  1:55  Command Center  
  20  2:02  Factory  
  20  2:10  SCV  
  20  2:12  Refinery  
  20  2:15  Barracks Reactor  
  21  2:22  Supply Depot  
  21  2:24  SCV  
  22  2:38  SCV  
  23  2:50  Starport  
  23  2:51  SCV  
  23  2:56  Marine x2, Hellion  
  27  3:03  SCV  
  28  3:07  Orbital Command  
  28  3:13  Marine  
  28  3:14  Marine  
  30  3:20  Supply Depot  
  30  3:23  SCV  
  31  3:28  Widow Mine  
  31  3:30  Medivac  
  35  3:35  SCV  
  35  3:36  SCV  
  35  3:41  Marine x2  
  38  3:47  SCV  
  40  3:49  Supply Depot  
  40  3:51  Widow Mine  
  40  3:52  SCV  
  43  4:01  SCV  
  44  4:04  SCV  
  44  4:08  Supply Depot  
  44  4:09  Marine  
  45  4:10  Marine  
  45  4:13  SCV  
  45  4:14  Viking  
  45  4:17  SCV  
  49  4:21  Bunker, Factory Tech Lab  
  49  4:25  SCV, Supply Depot  
  49  4:29  SCV  
  51  4:33  Barracks  
  51  4:37  SCV  
  52  4:40  Barracks  
  52  4:43  Engineering Bay  
  52  4:45  SCV  
  53  4:49  SCV  
  54  4:54  Supply Depot, Starport Tech Lab  
  54  4:56  Siege Tank  
  54  4:58  SCV  
  58  5:04  SCV  
  53  5:07  Marine x2, Supply Depot  
  53  5:11  Missile Turret  
  55  5:15  Missile Turret  
  55  5:16  SCV  
  55  5:18  Missile Turret  
  55  5:19  SCV  
  57  5:23  Missile Turret  
  57  5:28  SCV  
  56  5:31  SCV  
  56  5:34  Starport Reactor  
  56  5:35  Refinery  
  57  5:36  Marine, Stimpack, Refinery  
  57  5:40  SCV  
  59  5:44  SCV, Barracks Tech Lab  
  59  5:46  Siege Tank  
  59  5:49  Terran Infantry Weapons Level 1  
  61  5:52  Marine x2, SCV  
  61  5:56  SCV  
  64  6:00  Supply Depot  
  62  6:04  Combat Shield, SCV  
  62  6:08  SCV  
  62  6:09  Marauder  
  66  6:12  Marine, Marauder  
  66  6:16  SCV  
  70  6:20  SCV  
  70  6:22  Supply Depot  
  69  6:26  Marine  
  69  6:28  SCV  
  69  6:30  Marauder  
  69  6:31  Supply Depot  
  69  6:32  SCV, Medivac x2  
  78  6:36  Marine  
  79  6:41  SCV, Factory Reactor  
  79  6:44  SCV  
  81  6:50  Marine, Marauder  
  81  6:52  Command Center  
  81  6:53  SCV  
  85  6:56  Supply Depot  
  85  6:58  SCV, Supply Depot  
  85  7:05  SCV, Marine, Marauder  
  89  7:10  Medivac x2  
  89  7:13  Missile Turret  
  89  7:14  Marine  
  89  7:15  Marauder  
  96  7:16  Concussive Shells  
  96  7:21  Widow Mine  
  98  7:25  Marine, Barracks  
  99  7:31  Widow Mine  
  99  7:32  Marine  
  99  7:33  Marauder  
  99  7:35  Barracks  
  104  7:41  Supply Depot  
  104  7:42  Supply Depot  
  104  7:43  SCV x2  
  106  7:52  Marine, Marauder  
  106  7:53  Marine  
  106  7:55  SCV, Medivac  
  106  7:57  Medivac  
  115  8:00  SCV  
  115  8:03  Marauder  
  118  8:07  SCV  
  118  8:12  Marine  
  120  8:16  Terran Infantry Armor Level 1  
  120  8:20  Orbital Command  
  120  8:25  SCV, Medivac  
  120  8:26  SCV, Marine  
  120  8:27  Medivac, Barracks Reactor  
  124  8:32  Refinery  
  124  8:34  Refinery  
  124  8:35  Marine  
  124  8:36  Marauder  
  124  8:38  SCV x2  
  129  8:42  Marine, Marauder  
  129  8:48  Marine, SCV  
  133  8:50  SCV  
  129  8:57  Marauder  
  129  8:58  SCV  
  129  9:00  Marauder  
  129  9:02  SCV x2, Armory, Engineering Bay  
  136  9:08  Marine, Marauder  
  136  9:09  Marine  
  140  9:10  Marine x2  
  140  9:12  Viking  
  140  9:13  Viking  
  142  9:19  Marauder  
  142  9:23  Starport  
  144  9:24  Ghost Academy  
  144  9:25  Marine  
  144  9:26  Marine, Marauder  
  144  9:29  Marauder  
  149  9:42  Viking  
  149  9:43  Viking  
  153  9:46  Command Center  
  153  9:47  Supply Depot  
  153  9:48  Marine, Supply Depot, Marauder  
  153  9:51  Marine  
  153  9:52  Marauder  
Tags
 
Add a new tag
Caveats
  • Supply blocks, unpowered buildings, or Contaminate may cause inaccurate times.
  • Supply counts are checked every 10 seconds.